 Dungeon Crawl Stone Soup version 0.30-a0-567-gf7fd966b4a (webtiles) character file.

Game seed: 8108965115138306705

1097 MackTheKnife the Martial Artist (level 8, -3/52 HPs)
             Began as an Octopode Monk on Dec 28, 2022.
             Was a Priest of Okawaru.
             Slain by a large abomination (39 damage)
             ... on level 1 of the Abyss.
             The game lasted 00:06:49 (5031 turns).

MackTheKnife the Martial Artist (Octopode Monk)     Turns: 5031, Time: 00:06:49

Health: -3/52      AC:  1    Str: 12    XL:     8   Next: 31%
Magic:  8/8        EV: 15    Int: 13    God:    Okawaru [***...]
Gold:   265        SH:  0    Dex: 14    Spells: 7/7 levels left

rFire   . . .      SeeInvis .      - Unarmed
rCold   . . .      Faith    .    (no shield)
rNeg    . . .      Spirit   .    (helmet restricted)
rPois   +          Reflect  .    i - amulet of regeneration {@e2}
rElec   .          Harm     .    l - ring of poison resistance
rCorr   .          Rampage  .    (no ring)
Will    .....                    (no ring)
Stlth   +++                      (no ring)
HPRegen 1.08/turn                (no ring)
MPRegen 0.11/turn                (no ring)
                                 (no ring)
                                 (no ring)

@: about to teleport
A: almost no armour, amphibious, 8 rings, camouflage 1, gelatinous body 1,
(nimble swimmer 1), tentacles
a: Renounce Religion, Heroism


You were on level 1 of the Abyss.
You worshipped Okawaru.
Okawaru was most pleased with you.
You visited 1 branch of the dungeon, and saw 6 of its levels.
You visited the Abyss 1 time.

You collected 345 gold pieces.
You spent 80 gold pieces at shops.


Innate Abilities, Weirdness & Mutations

You cannot wear most types of armour.
You are amphibious.
You can wear up to eight rings at the same time.
Your skin changes colour to match your surroundings (Stealth+).
Your rubbery body absorbs attacks. (AC +1, EV +1)
((You are camouflaged when in or above water. (Stealth+)))
You have tentacles for arms and can constrict up to eight enemies at once.


   Skills:
 - Level 3.0 Fighting
 + Level 5.8 Dodging
 - Level 2.6 Stealth
 + Level 8.7 Unarmed Combat


You had 7 spell levels left.
You didn't know any spells.
Your spell library contained the following spells:

 Spells                   Type           Power      Damage    Failure   Level
 Shock                    Conj/Air       0%         1d3       30%         1
 Static Discharge         Conj/Air       0%         2-2/arc   43%         2
 Dazzling Flash           Conj/Hex       0%         N/A       67%         3
 Swiftness                Air            0%         N/A       67%         3
 Vhi's Electric Charge    Tloc/Air       0%         N/A       67%         3
 Airstrike                Air            0%         2d(0-16)  97%         4
 Agony                    Necr           0%         N/A       100%        5
 Arcjolt                  Conj/Air       0%         1d10      100%        5
 Lightning Bolt           Conj/Air       0%         1d11      100%        5
 Silence                  Hex/Air        0%         N/A       100%        5

Inventory:

Magical Staves
 r - a staff of air {!astaff}
   (You found it on level 5 of the Dungeon)
Jewellery
 i - an amulet of regeneration (around mantle) {@e2}
   (You found it on level 3 of the Dungeon)
 l - a ring of poison resistance (left tentacle)
   (You found it on level 3 of the Dungeon)
Wands
 p - a wand of roots (10)
   (You took it off Blork the orc on level 4 of the Dungeon)
Scrolls
 d - a scroll of fog {unknown}
 f - 2 scrolls of vulnerability {!r!r}
 j - 3 scrolls of immolation {unknown}
 k - a scroll of enchant weapon {unknown}
 q - a scroll of blinking {!r}
 t - a scroll of fear
Potions
 a - a potion of ambrosia
 b - a potion of haste {@q3}
 e - 4 potions of brilliance
 h - a potion of curing {@q1}
 n - a potion of flight
 s - a potion of magic

Dungeon Overview and Level Annotations

Branches:
Dungeon (6/15) Zot: 26859
 Temple: D:4-7

Altars:
Dithmenos
Elyvilon
Fedhas
Okawaru

Shops:
D:2 ?!*?   D:4 :

Annotations:
D:4 3 runed translucent doors, Yehuk's ghost, novice MiBe

######
#$.X@#
###4##2#
.##.##.##.#
.≈.. .....~#
#.##.##.##$#
# #.#### .~.
##.# #.#


You could see a large abomination and a hellwing.


Message History

Okawaru accepts your kill. The gnoll barely misses you.
The gnoll sergeant closely misses you. 😕 HP[+1] 😕 HP[+1]
Okay, then. 😕 HP[+1]
Aiming: Fastroot
Press: ? - help, Shift-Dir - straight line, f - gnoll
Aim: a gnoll, wielding a +0 whip The roots erupt in riotous growth!
Roots grab the gnoll. x2; Roots grab the gnoll sergeant.
The grasping roots constrict the gnoll sergeant.
The grasping roots constrict the gnoll. x2
The gnoll struggles to escape constriction. 😕 HP[+1]
The grasping roots constrict the gnoll sergeant.
The grasping roots constrict the gnoll.
The grasping roots constrict the gnoll!
You kill the gnoll!
Okawaru accepts your kill.
The roots release their grip on the gnoll sergeant.
The roots release their grip on the gnoll.
A black bear comes into view.
The gnoll misses you.
The gnoll sergeant hits you from afar with a +1 spear of distortion!
You are cast into the Abyss!
This branch contains the abyssal rune of Zot.
Found a corrupted altar of Lugonu. 😮 HP[-10]
You take 10 damage, and now have 37/52 hp. 😮 HP[+1] 😮 HP[+1] 😕 HP[+1] 😕 HP[+1] MP[+1]
You feel like a meek peon again. 😕 HP[+1] 😕 HP[+1] 😕 HP[+2]
You regained 2 hp, and now have 45/52 hp. 😕 HP[+1] 😕 HP[+1] 😕 HP[+1] 😕 HP[+1] 😕 HP[+1] 😕 HP[+1] MP[+1]
Your mp is fully restored (8). 😎 HP[+1]
Your hp is fully restored (52).
A chaos spawn comes into view.
The chaos spawn growls angrily.
A raiju comes into view.
Unknown command.
A wretched star comes into view.
As you read the scroll of teleportation {@r4}, it crumbles to dust.
You feel strangely unstable.
You feel the power of the Abyss delaying your translocation!
A sixfirhy comes into view.
You are suddenly pulled into a different region of the Abyss!
A hellwing comes into view.
You see here 22 gold pieces.
Unknown command.
Unknown command.
A hellion comes into view.
The hellwing closely misses you. The hellwing barely misses you.
Unknown command.
As you read the scroll of teleportation {@r4}, it crumbles to dust.
You feel strangely unstable.
You feel the power of the Abyss delaying your translocation!
The hellwing hits you!
The hellwing hits you but does no damage. 😕 HP[-10]
You take 10 damage, and now have 42/52 hp.
The hellwing attacks as you move away! The hellwing barely misses you. x2
A lurking horror comes into view. 😕 HP[+1] Unknown command.
A large abomination comes into view. 😕 HP[+1]
You tentacle-slap the large abomination but do no damage.
You squeeze the large abomination.
The large abomination completely misses you.
Your body is wracked with pain!
* * * LOW HITPOINT WARNING * * *
😨 HP[-20]
You take 20 damage, and now have 24/52 hp.
MASSIVE DAMAGE!! (PAUSE) 😨 HP[+1] Unknown command.
The hellwing hits you!
* * * LOW HITPOINT WARNING * * *
The hellwing hits you.
* * * LOW HITPOINT WARNING * * *
You see here 3 gold pieces.
Unknown command. 😱 HP[-13]
You take 13 damage, and now have 12/52 hp.
MASSIVE DAMAGE!! (PAUSE)
You feel much better. The hellwing hits you. x2
The large abomination hits you!!!
Ouch! That really hurt!
You die...

Skill      XL: |  1  2  3  4  5  6  7 |
---------------+----------------------+-----
Unarmed Combat | 4 5 6 7 8 |  8.7
Dodging        | 5 |  5.8
Fighting       | |  3.0
Stealth        | |  2.6

Action                   |  1- 3 |  4- 6 |  7- 9 || total
-------------------------+-------+-------+-------++-------
Melee: Unarmed           |    80 |   112 |    84 ||   276
       Constrict         |    19 |    27 |    10 ||    56
       Tentacles         |    16 |    19 |    14 ||    49
       Punch             |     1 |    11 |     6 ||    18
Invok: Heroism           |       |     2 |     3 ||     5
Evoke: Wand              |       |       |     1 ||     1
  Use: Scroll            |       |     5 |     7 ||    12
       Potion            |       |       |     3 ||     3
 Stab: Sleeping          |    13 |    10 |       ||    23
Armor: Skin              |     5 |       |     3 ||     8
Dodge: Dodged            |    46 |    48 |    75 ||   169

Levels and vault maps discovered:
D:1:      dpeg_arrival_connections, layout_basic, ebering_ecumenical_altar_box,
          serial_park_tiny_2, minmay_cupped
D:2:      layout_loops_ring, serial_rivers, chequers_serial_rivers_marsh,
          chequers_serial_rivers_micro_b, chequers_serial_rivers_room_b,
          chequers_serial_rivers_small_b, chequers_serial_rivers_room_b,
          serial_shops, shop, nicolae_shop_stone, nicolae_shop_crystal,
          nicolae_shop_trees, chequers_serial_rivers_large_b,
          minmay_tiny_reverse_x
D:3:      layout_loops_ring, nicolae_overflow_hidden_temple,
          gammafunk_temple_overflow_forgotten, chequers_serial_rivers_micro_d
D:4:      layout_layer_cave, gammafunk_ghost_icy, serial_shops, shop,
          serial_forest, infiniplex_forest_corner_2, infiniplex_forest_lined_2,
          infiniplex_forest_diagonal, infiniplex_forest_end_2,
          infiniplex_forest_straight_4, infiniplex_forest_fountain,
          infiniplex_forest_clump_double, minmay_goblin_outpost,
          uniq_blork_the_orc, uniq_eustachio
D:5:      layout_gridville
D:6:      lemuel_ratsnest, layout_rooms, bloody_trog, minmay_checkerbox
Abyss:1:  base: D:4, lemuel_flamethrower_3, hangedman_cross_veins

Notes
Turn   | Place    | Note
-------+----------+-------------------------------------------
     0 | D:1      | MackTheKnife the Octopode Monk began the quest for the Orb.
     0 | D:1      | Reached XP level 1. HP: 16/16 MP: 1/1
     0 | D:1      | magus.rc [v1.9.6]
   147 | D:1      | Reached XP level 2. HP: 18/21 MP: 2/2
   291 | D:1      | Found a faded altar of an unknown god.
   304 | D:1      | Prayed at the altar of an unknown god.
   304 | D:1      | Became a worshipper of Warmaster Okawaru
   304 | D:1      | Reached * piety under Okawaru
   304 | D:1      | Reached ** piety under Okawaru
   426 | D:1      | Reached skill level 4 in Unarmed Combat
   461 | D:1      | Reached XP level 3. HP: 21/26 MP: 3/3
   858 | D:2      | Found Toseetam's General Store.
   901 | D:2      | Found Bycwamimn's Distillery.
   931 | D:2      | Bought a potion of heal wounds for 50 gold pieces
   931 | D:2      | Bought a potion of curing for 30 gold pieces
  1044 | D:2      | Found Ikkug's Magic Scroll Shoppe.
  1080 | D:2      | Reached *** piety under Okawaru
  1081 | D:2      | Reached XP level 4. HP: 18/31 MP: 4/4
  1232 | D:2      | Reached skill level 5 in Unarmed Combat
  1445 | D:2      | Found Etoexuuc's Magic Scroll Shoppe.
  1925 | D:3      | Found a shadowy altar of Dithmenos.
  1951 | D:3      | You pick up a book of Lightning and begin reading...
  1951 | D:3      | You add the spells Static Discharge, Vhi's Electric Charge,
                  | Lightning Bolt and Arcjolt to your library.
  2147 | D:3      | You pick up a book of Air and begin reading...
  2147 | D:3      | You add the spells Shock, Swiftness and Airstrike to your
                  | library.
  2220 | D:3      | Reached XP level 5. HP: 36/36 MP: 5/5
  2289 | D:3      | Reached skill level 6 in Unarmed Combat
  2601 | D:3      | Found a blossoming altar of Fedhas.
  2601 | D:3      | Found an iron altar of Okawaru.
  2602 | D:3      | Found a white marble altar of Elyvilon.
  2804 | D:4      | Found a runed translucent gate.
  2848 | D:4      | Reached XP level 6. HP: 42/42 MP: 6/6
  3023 | D:4      | Found Senueg's Book Emporium.
  3151 | D:4      | Noticed Blork the orc
  3159 | D:4      | Killed Blork the orc
  3160 | D:4      | Reached skill level 7 in Unarmed Combat
  3432 | D:4      | Found a runed translucent gate.
  3432 | D:4      | Found a runed translucent gate.
  3673 | D:4      | Noticed Eustachio
  3683 | D:4      | Killed Eustachio
  3684 | D:4      | Reached XP level 7. HP: 46/46 MP: 4/7
  3696 | D:4      | Noticed Yehuk's ghost (novice MiBe)
  4111 | D:5      | Entered Level 5 of the Dungeon
  4117 | D:5      | You pick up a book of the Senses and begin reading...
  4117 | D:5      | You add the spells Dazzling Flash, Agony and Silence to
                  | your library.
  4226 | D:5      | Reached skill level 4 in Dodging
  4565 | D:5      | Reached skill level 5 in Dodging
  4565 | D:5      | Reached skill level 8 in Unarmed Combat
  4832 | D:6      | Reached XP level 8. HP: 44/52 MP: 5/8
  4971 | D:6      | You are cast into the Abyss!
  4971 | Abyss:1  | Found a corrupted altar of Lugonu.
  4971 | Abyss:1  | Cast into level 1 of the Abyss (gnoll sergeant)
  5006 | Abyss:1  | Noticed a raiju
  5010 | Abyss:1  | Noticed a wretched star
  5019 | Abyss:1  | Noticed a sixfirhy
  5023 | Abyss:1  | Noticed a hellwing
  5023 | Abyss:1  | Noticed a hellion
  5030 | Abyss:1  | HP: 12/52 [hellwing (3)]
  5031 | Abyss:1  | Slain by a large abomination

Vanquished Creatures
  Eustachio (D:4)
  An orc warrior (D:6)
  An ogre (D:5)
  A centaur (D:5)
  A phantom (D:5)
  Blork the orc (D:4)
  A bullfrog (D:6)
  3 hounds (D:5)
  3 orc priests
  3 orc wizards
  5 gnolls
  7 adders
  A worm (D:2)
  2 dart slugs
  11 orcs
  9 ball pythons
  4 bats
  9 endoplasms
  2 giant cockroaches
  6 hobgoblins
  6 quokkas
  4 frilled lizards
  19 goblins
  12 kobolds
  4 rats
117 creatures vanquished.

Vanquished Creatures (others)
  A lurking horror (Abyss:1)
1 creature vanquished.

Grand Total: 118 creatures vanquished

Table legend:
 A = Non-vault XP
 B = Vault XP
 C = Vault XP percentage of total XP
 D = Non-vault monster count
 E = Vault monster count
 F = Vault count percentage of total count
                 A         B        C        D         E       F
            +---------+---------+-------+---------+---------+-------
      Total |    1235 |     333 |  21.2 |      98 |      19 |  16.2
            +---------+---------+-------+---------+---------+-------
        D:1 |      34 |       7 |  17.1 |      22 |       4 |  15.4
        D:2 |      84 |       7 |   7.7 |      24 |       2 |   7.7
        D:3 |     180 |       0 |   0.0 |      21 |       0 |   0.0
        D:4 |      16 |     319 |  95.2 |       8 |      13 |  61.9
        D:5 |     532 |       0 |   0.0 |      11 |       0 |   0.0
        D:6 |     389 |       0 |   0.0 |      12 |       0 |   0.0
            +---------+---------+-------+---------+---------+-------

Illustrated notes

Table legend:
 A = Kills in this place as a percentage of kills in entire the game.
 B = Kills by you in this place as a percentage of kills by you in the entire game.
 C = Kills by friends in this place as a percentage of kills by friends in the entire game.
 D = Other kills in this place as a percentage of other kills in the entire game.
 E = Experience gained in this place as a percentage of experience gained in the entire game.
 F = Experience gained in this place divided by the number of levels of this place that you have seen.
                   A       B       C       D       E      F
               +-------+-------+-------+-------+-------+----------------------
         Total | 100.0 | 100.0 |   N/A |   N/A | 100.0 | 224.0
       Dungeon | 100.0 | 100.0 |   N/A |   N/A | 100.0 | 261.3
               +-------+-------+-------+-------+-------+----------------------

Table legend: (Time is in decaauts)
 A = Elapsed time spent in this place.
 B = Non-inter-level travel time spent in this place.
 C = Inter-level travel time spent in this place.
 D = Time resting spent in this place.
 E = Time spent auto-exploring this place.
 F = Levels seen in this place.
 G = Mean time per level.
                   A        B        C        D        E       F      G
               +--------+--------+--------+--------+--------+-----+--------+
         Total |   4997 |   4806 |    191 |    154 |   3844 |   7 |  713.9 |
       Dungeon |   4938 |   4747 |    191 |    154 |   3844 |   6 |  823.0 |
         Abyss |     59 |     59 |      0 |      0 |      0 |   1 |   59.0 |
               +--------+--------+--------+--------+--------+-----+--------+

Top non-repeatable levels by time:
     D:4: 1343 daAuts
     D:2: 1019 daAuts
     D:3: 876 daAuts
     D:1: 853 daAuts
     D:5: 706 daAuts
     D:6: 139 daAuts
 Abyss:1: 59 daAuts
